 Dungeon Crawl Stone Soup version 0.32-a0-893-gf85d74f360 (webtiles) character file.

Game seed: 12640358118768329103

1919172 ForkInBrain the Crack Shot (level 27, 215/215 HPs)
             Began as a Pale Draconian Delver on Apr 2, 2024.
             Was a High Priest of Hepliaklqana.
             Escaped with the Orb
             ... and 4 runes on Apr 4, 2024!
             The game lasted 09:10:26 (101859 turns).

ForkInBrain the Crack Shot (DrDe)                 Turns: 101859, Time: 09:10:26

Health: 215/215    AC: 21    Str: 18    XL:     27
Magic:  44/44      EV: 25    Int: 13    God:    Hepliaklqana [*****.]
Gold:   4756       SH:  0    Dex: 18    Spells: 24/38 levels left

rFire   . . .        z - +7 triple crossbow (freeze)
rCold   . . .        (shield currently unavailable)
rNeg    + + +        (body armour unavailable)
rPois   +            (helmet restricted)
rElec   +            K - +1 cloak "Fix Agas" {Rampage rPois Regen+ Dex-3}
rCorr   .            j - +2 pair of gloves
SInv    +            W - +2 pair of boots
Will    ++...        A - amulet "Cotarchi" {rPois Regen+ MP+9 Int+2}
Stlth   ++           U - ring "Dituz" {*Corrode rElec rPois rN++ Stlth+}
HPRegen 2.15/turn    P - ring "Aduixin" {rN+ SInv}
MPRegen 0.29/turn

%: corrode self (3%), rampage
@: studying 2 skills
A: reduced essence, steam breath, AC +13, unfitting armour, cold-blooded, steam
resistance, clumsy 1, deterioration 1, frail 1
0: Orb of Zot
}: 4/15 runes: decaying, serpentine, slimy, silver
a: Steam Breath, Renounce Religion, Recall Ancestor, Ancestor Identity,
Transference, Idealise


You escaped.
You worshipped Hepliaklqana.
Hepliaklqana was extremely pleased with you.
You visited 12 branches of the dungeon, and saw 56 of its levels.
You visited 2 bazaars.
You also visited: Ossuary and Wizlab.

You collected 9174 gold pieces.
You spent 4418 gold pieces at shops.

Inventory:

Hand Weapons
 a - a +7 hand cannon of freezing
 z - a +7 triple crossbow of freezing (weapon)
 E - a +5 arbalest of draining
 F - a +1 antimagic longbow
 J - a +2 antimagic hand cannon
Missiles
 l - 6 curare-tipped darts
 y - 9 throwing nets
 V - 6 darts of dispersal
Armour
 j - a +2 pair of gloves (worn)
 s - a +2 cloak of willpower
 K - the +1 cloak "Fix Agas" (worn) {Rampage rPois Regen+ Dex-3}
   (You found it on level 3 of the Crypt)

   Dex-3:     It affects your dexterity (-3).
   rPois:     It protects you from poison.
   Regen+:    It increases your rate of health regeneration.
   Rampage:   It bestows one free step when moving towards enemies.
 S - a +0 kite shield of positive energy
 W - a +2 pair of boots (worn)
Jewellery
 h - a ring of willpower
 A - the amulet "Cotarchi" (around neck) {rPois Regen+ MP+9 Int+2}
   (You bought it in a shop on level 1 of the Snake Pit)

   [amulet of regeneration]

   Int+2:     It affects your intelligence (+2).
   rPois:     It protects you from poison.
   MP+9:      It affects your magic capacity (+9).
   Regen+:    It increases your rate of health regeneration.
 G - the ring of Huazae {rF+ Stlth+}
   (You found it on level 15 of the Dungeon)

   [ring of protection from fire]

   rF+:       It protects you from fire.
   Stlth+:    It makes you more stealthy.
 L - the ring "Uskaz" {AC+4 Dex+4 Stlth+}
   (You found it on level 5 of the Vaults)

   [ring of protection]

   AC+4:      It affects your AC (+4).
   Dex+4:     It affects your dexterity (+4).
   Stlth+:    It makes you more stealthy.
 O - the ring of Ratzoam {rCorr Str+4 Int+2 Dex+6}
   (You took it off a deep elf master archer on level 3 of the Elven Halls)

   [ring of dexterity]

   Str+4:     It affects your strength (+4).
   Int+2:     It affects your intelligence (+2).
   Dex+6:     It affects your dexterity (+6).
   rCorr:     It protects you from acid and corrosion.
 P - the ring "Aduixin" (right hand) {rN+ SInv}
   (You took it off a deep elf death mage on level 3 of the Elven Halls)

   [ring of positive energy]

   rN+:       It protects you from negative energy.
   SInv:      It lets you see invisible.
 U - the ring "Dituz" (left hand) {*Corrode rElec rPois rN++ Stlth+}
   (You found it on level 5 of the Pits of Slime)

   [ring of poison resistance]

   rElec:     It insulates you from electricity.
   rPois:     It protects you from poison.
   rN++:      It greatly protects you from negative energy.
   *Corrode:  It may corrode you when you take damage.
   Stlth+:    It makes you more stealthy.
 Y - the ring of Beogh's Pride {rN+ Will+ Dex+6}
   (You bought it in a shop on level 3 of the Depths)

   [ring of dexterity]

   Dex+6:     It affects your dexterity (+6).
   rN+:       It protects you from negative energy.
   Will+:     It increases your willpower.
 Z - the ring "Igiu" {rN+ Will+ rCorr Stlth+}
   (You took it off a frost giant on level 5 of the Vaults)

   [ring of resist corrosion]

   rN+:       It protects you from negative energy.
   Will+:     It increases your willpower.
   rCorr:     It protects you from acid and corrosion.
   Stlth+:    It makes you more stealthy.
Wands
 f - a wand of digging (28)
 N - a wand of roots (45)
 Q - a wand of mindburst (19)
 R - a wand of acid (27)
Scrolls
 d - 4 scrolls of fear
 g - 3 scrolls of enchant armour
 k - 13 scrolls of poison
 m - a scroll of revelation
 n - 2 scrolls of butterflies
 p - 8 scrolls of teleportation
 v - 13 scrolls of fog
 I - a scroll of silence
 T - 6 scrolls of brand weapon
Potions
 b - 8 potions of mutation
 c - 25 potions of curing
 i - 2 potions of resistance
 o - 8 potions of heal wounds
 q - 5 potions of invisibility
 r - a potion of cancellation
 t - a potion of brilliance
 u - 2 potions of lignification
 B - 14 potions of might
 C - 4 potions of haste
 H - 7 potions of enlightenment
 M - 2 potions of ambrosia
Miscellaneous
 e - a box of beasts
 w - a condenser vane
 x - a phantom mirror
 D - a lightning rod (4/4)
 X - a phial of floods


   Skills:
 + Level 26.0 Fighting
 - Level 3.4 Short Blades
 - Level 3.0 Maces & Flails
 + Level 26.5 Ranged Weapons
 + Level 0.1 Throwing
 + Level 21.1 Dodging
 + Level 6.2 Stealth
 - Level 12.0 Shields
 - Level 6.0 Spellcasting
 - Level 8.8 Hexes
 - Level 8.7 Necromancy
 - Level 11.6 Translocations
 - Level 16.3 Invocations
 + Level 14.8 Evocations


You had 24 spell levels left.
You knew the following spells:

 Your Spells              Type           Power      Damage    Failure   Level
a - Apportation           Tloc           68%        N/A       1%          1
b - Blink                 Tloc           68%        N/A       1%          2
d - Dimensional Bullseye  Hex/Tloc       15%        N/A       2%          4
f - Fugue of the Fallen   Necr           26%        N/A       1%          3
p - Passage of Golubria   Tloc           34%        N/A       1%          4

Your spell library contained the following spells:

 Spells                   Type           Power      Damage    Failure   Level
 Necrotise                Necr           100%       1d9       1%          1
 Jinxbite                 Hex            52%        N/A       1%          2
 Lesser Beckoning         Tloc           68%        N/A       1%          2
 Maxwell's Portable Pile  Tloc           34%        2d(8-23)  1%          3
 Sigil of Binding         Hex            26%        N/A       1%          3
 Tukima's Dance           Hex            26%        N/A       1%          3
 Vampiric Draining        Necr           26%        2d7       1%          3
 Kiss of Death            Conj/Necr      60%        2d10      2%          1
 Momentum Strike          Conj/Tloc      38%        3d9       2%          2
 Ensorcelled Hibernation  Hex/Ice        30%        N/A       4%          2
 Anguish                  Hex/Necr       13%        N/A       4%          4
 Animate Dead             Necr           26%        N/A       4%          4
 Cause Fear               Hex            13%        N/A       4%          4
 Cigotuvi's Dreadful Rot  Necr/Alch/Air  22%        N/A       8%          2
 Inner Flame              Hex/Fire       15%        N/A       9%          3
 Iskenderun's Mystic Bla Conj/Tloc 19%            2d6        (+2d2     16%         4
 Vhi's Electric Charge    Tloc/Air       38%        N/A       16%         4
 Foxfire                  Conj/Fire      12%        2x1d4     17%         1
 Magic Dart               Conj           12%        1d3       17%         1
 Sandblast                Erth           6%         2d5       17%         1
 Sting                    Conj/Alch      12%        1d3       17%         1
 Summon Small Mammal      Summ           12%        N/A       17%         1
 Call Imp                 Summ           6%         N/A       26%         2
 Mercury Vapours          Alch/Air       6%         N/A       26%         2
 Scorch                   Fire           6%         2d5       26%         2
 Searing Ray              Conj           6%         2d4       26%         2
 Call Canine Familiar     Summ           3%         N/A       45%         3
 Ozocubu's Armour         Ice            3%         N/A       45%         3
 Passwall                 Erth           3%         N/A       45%         3
 Stone Arrow              Conj/Erth      6%         3d7       45%         3
 Swiftness                Air            3%         N/A       45%         3
 Metabolic Englaciation   Hex/Ice        7%         N/A       58%         5
 Silence                  Hex/Air        7%         N/A       58%         5
 Yara's Violent Unravell  Hex/Alch       7%         3d5       58%         5
 Borgnjor's Vile Clutch   Necr/Erth      7%         N/A       61%         5
 Manifold Assault         Tloc           17%        N/A       77%         7
 Brom's Barrelling Bould  Conj/Erth      3%         2d3       86%         4
 Fulminant Prism          Conj/Alch      1%         3d5       86%         4
 Ignite Poison            Fire/Alch      3%         N/A       86%         4
 Summon Blazeheart Golem  Fire/Summ      3%         N/A       86%         4
 Enfeeble                 Hex            13%        N/A       98%         7
 Alistair's Intoxication  Alch           2%         N/A       99%         5
 Arcjolt                  Conj/Air       1%         1d11      99%         5
 Fireball                 Conj/Fire      1%         3d3       99%         5
 Freezing Cloud           Conj/Ice/Air   1%         6-21      99%         5
 Irradiate                Conj/Alch      1%         3d12      99%         5
 Iskenderun's Battlesphe  Conj           3%         2d6       99%         5
 Conjure Ball Lightning   Conj/Air       1%         3x3d6     100%        6
 Eringya's Noxious Bog    Alch           1%         4d6       100%        6
 Plasma Beam              Fire/Air       1%         2x1d11    100%        6
 Sculpt Simulacrum        Ice/Alch       1%         N/A       100%        6
 Haunt                    Necr/Summ      7%         N/A       100%        7
 Malign Gateway           Summ/Tloc      9%         N/A       100%        7
 Orb of Destruction       Conj           1%         9d5       100%        7
 Ozocubu's Refrigeration  Ice            1%         4d7       100%        7
 Spellforged Servitor     Conj/Summ      1%         N/A       100%        7
 Borgnjor's Revivificati  Necr           13%        N/A       100%        8
 Discord                  Hex            13%        N/A       100%        8
 Disjunction              Tloc           17%        N/A       100%        8
 Ignition                 Fire           1%         3d3       100%        8
 Infestation              Necr           13%        N/A       100%        8
 Lehudib's Crystal Spear  Conj/Erth      1%         10d2      100%        8
 Maxwell's Capacitive Co  Air            1%         ∞         100%        8
 Summon Horrible Things   Summ           1%         N/A       100%        8
 Chain Lightning          Conj/Air       1%         3d2       100%        9
 Death's Door             Necr           13%        N/A       100%        9
 Dragon's Call            Summ           1%         N/A       100%        9
 Polar Vortex             Ice            1%         N/A       100%        9
 Animate Armour           Summ/Erth      Unusable   N/A       N/A         4

Dungeon Overview and Level Annotations

Branches:
Dungeon (15/15)            Temple (1/1) D:5            Lair (5/5) D:9
  Swamp (4/4) Lair:3        Snake (4/4) Lair:2        Slime (5/5) Lair:4
    Orc (2/2) D:12            Elf (3/3) Orc:2        Vaults (5/5) D:14
  Crypt (3/3) Vaults:3       Tomb (0/3) Crypt:3      Depths (4/4) D:15
    Zot (5/5) Depths:4    Ossuary (visited)          WizLab (visited)

Altars:
Ashenzari
Cheibriados
Dithmenos
Elyvilon
Fedhas
Gozag
Hepliaklqana
Kikubaaqudgha
Makhleb
Nemelex Xobeh
Okawaru
Qazlal
Ru
Sif Muna
Trog
Uskayaw
Vehumet
Wu Jian
Xom
Yredelemnul
Zin
The Shining One
Jiyva

Shops:
D:7 (   Orc:2 (:(   Elf:1 [   Snake:1 ==:*:   Snake:2 [   Snake:3 [
Vaults:4 !   Depths:3 [[**

Portals:
Hell: Depths:1 Depths:2 Depths:3 Depths:4
Abyss: Depths:1 Depths:3
Pandemonium: Depths:2
Ziggurat: Depths:2

Annotations:
Swamp:3 Nikola
Crypt:2 2 runed translucent doors, exclusion: 2 doors, Weuw's ghost, adept GrFi
Depths:3 todo: finish vault later, 1 exclusion
Depths:4 1 exclusion, Mennas


Innate Abilities, Weirdness & Mutations

Your life essence is reduced to manifest your ancestor. (-10% HP)
You can breathe blasts of scalding, opaque steam.
Your pale cyan-grey scales are hard. (AC +13)
You cannot fit into any form of body armour.
You are cold-blooded and may be slowed by cold attacks.
You are immune to the effects of steam.
You are clumsy. (Dex -2)
Your body sometimes deteriorates upon taking damage.
You are frail. (-10% HP)


Message History

You climb upwards.
There is a stone staircase leading down here.
Expendable Helper is recalled.
(D) Dungeon (T) Temple (L) Lair (S) Swamp (P) Snake Pit (M) Slime Pits (O) Orcish Mines (E) Elven Halls (V) Vaults (C) Crypt (W) Tomb (U) Depths (H) Hell (Z) Zot
Where to? (Tab/Enter - D:1, ? - help)
What level of the Dungeon? (default 1, ? - help) Magic restored.
There is a stone staircase leading up, spattered with blood here.
You climb upwards.
There is a stone staircase leading down, spattered with blood here.
There is a stone staircase leading up here.
You climb upwards.
There is a stone staircase leading down here.
There is a stone staircase leading up here.
You climb upwards.
There is a stone staircase leading down here.
You swap places.
There is a stone staircase leading up here.
You climb upwards.
There is a stone staircase leading down here.
You see here a ball python skeleton.
Things that are here:
a jackal skeleton; a hobgoblin skeleton
There is a stone staircase leading down here.
There is an open door here.
There is a stone staircase leading up here.
You climb upwards.
There is a stone staircase leading down here.
There is an open door here.
You open the door.
There is an open door here.
You see here a +2 helmet.
There is an open door here.
There is a staircase leading out of the dungeon here.
Char dumped successfully.
Enter note: Debated going for more runes with this character, but ultimately I wanted to grab the Delver and Pale Draconian wins.
I'll have to do a shieldless ranged character 15 rune game at some point.
You have escaped!

..........###.###......####.###..
................+................
..........##.####......######....
..........##..+.#......# ######
..........#####.#.###### #.....
..........# #.#..# #####+####
..........# #.##.# #.......##
..........#####.##.#####.......##
..............+.@#.#...........##
..........#####R##.###.##......##
..........# #.#..# #.....)...##
########### #.#.######.##......
### #####.#...##...##.##### ..#
#...'.###.##.####......
#.#########.##### #....####..)...
...........[# ####...###.####
..#########.# #.#..##.# #.


You could see the friendly Expendable Helper the hexer.

Vanquished Creatures
  the Royal Jelly (Slime:5)
  3 ancient liches
  An orb of fire (Zot:5)
  Josephina (Depths:2)
  Sojobo (Vaults:4)
  3 Killer Klowns (Zot:5)
  Bai Suzhen (Elf:2)
  9 caustic shrikes (Depths:4)
  6 golden dragons
  A doom hound (Depths:2)
  An electric golem (Zot:5)
  5 tentacled monstrosities
  21 Orb Guardians
  A deep elf blademaster (Elf:3)
  3 titans
  4 liches
  5 quicksilver dragons
  12 acid blobs
  Grunn (Depths:2)
  2 deep elf master archers (Elf:3)
  2 ancient champions
  3 sphinxes
  Agnes (D:15)
  8 death cobs
  9 storm dragons
  5 tengu reavers
  2 protean progenitors
  5 shadow dragons
  3 revenants
  Aizul (Snake:1)
  A draconian knight (Zot:1)
  12 rockslimes
  6 nagarajas
  A fenstrider witch (Swamp:4)
  6 azure jellies
  5 fire giants
  2 draconian shifters
  A draconian monk (Zot:4)
  5 draconian scorchers
  4 frost giants
  A balrug (Depths:1)
  4 deep elf sorcerers
  6 deep elf elementalists (Elf:3)
  A spectral juggernaut (Depths:3)
  2 ghost moths (Zot:4)
  8 vault wardens
  2 curse skulls
  An angel (Vaults:4)
  A draconian stormcaller (Depths:4)
  16 ironbound preservers
  3 orc warlords
  5 ghouls
  2 spriggan defenders (Depths:3)
  A demonspawn corrupter (Zot:5)
  5 very ugly things (Depths:4)
  4 draconian annihilators
  6 vampire knights
  13 stone giants
  2 quicksilver oozes
  3 black draconians
  8 formless jellyfish
  7 deep elf death magi
  3 eleionomae
  4 ironbound thunderhulks
  6 white draconians
  6 green draconians
  3 war gargoyles
  3 bunyips
  4 deep elf demonologists
  A lorocyproca (Depths:2)
  4 yellow draconians
  5 red draconians
  4 purple draconians
  Snorg (D:12)
  2 eidola (Crypt:3)
  2 spark wasps
  4 dire elephants
  A green death (Swamp:4)
  A blizzard demon (D:11)
  7 deep elf annihilators
  9 ettins
  5 fire dragons
  An acid blob zombie (Crypt:1)
  2 mummy priests (Depths:3)
  5 deep elf high priests
  2 spectral golden dragons (Depths:3)
  An entropy weaver (Vaults:1)
  2 crystal guardians (Vaults:3)
  9 jiangshi
  12 great orbs of eyes
  A shambling mangrove (Swamp:4)
  15 yaktaur captains
  2 ogre magi (Vaults:5)
  2 hell beasts
  2 salamander tyrants (Snake:4)
  2 spectral spriggans (Crypt:3)
  A spriggan zombie (Crypt:1)
  30 vault guards
  Erolcha (D:13)
  2 ghost crabs
  9 hydras
  A catoblepas (Lair:2)
  4 rakshasas
  A two-headed ogre (D:9)
  3 ice dragons
  4 peacekeepers
  Erica (Lair:2)
  3 spriggan air magi
  2 boulder beetles
  A spriggan skeleton (Crypt:1)
  2 centaur warriors
  2 alligators
  A spectral stone giant (Crypt:3)
  18 dancing weapons
  9 ironbound frosthearts
  2 spectral frost giants (Depths:3)
  6 tengu warriors
  An Orb Guardian skeleton (Crypt:2)
  8 anacondas
  3 death yaks (Lair:5)
  5 deep troll shamans
  6 hell hogs (Depths:1)
  4 orc high priests (Orc:2)
  2 deep troll earth magi (Depths:2)
  6 vampire magi
  4 soul eaters
  7 shock serpents
  A spriggan berserker (Depths:2)
  11 naga warriors
  A titan zombie (Crypt:1)
  Urug (D:13)
  2 sun demons (Depths:1)
  7 hell knights
  A storm dragon zombie (Crypt:2)
  8 naga sharpshooters
  16 shadow wraiths
  10 deep elf knights
  14 skeletal warriors
  A skyshark (Lair:5)
  3 iron trolls
  3 sea snakes (Zot:1)
  3 goliath frogs
  3 salamander mystics
  Lodul (D:10)
  7 deep elf archers
  A spectral spark wasp (Depths:3)
  A sun moth (shapeshifter) (Vaults:5)
  17 mana vipers
  13 naga ritualists
  64 deep trolls
  5 spriggan druids
  A glowing orange brain (shapeshifter) (Depths:1)
  6 flayed ghosts
  5 bog bodies
  A glowing orange brain (Depths:4)
  2 arcanists
  11 swamp dragons
  A shadow demon (Zot:5)
  16 lindwurms
  20 phantasmal warriors
  7 orc knights
  A wolf spider zombie (Crypt:2)
  An obsidian bat (Orc:1)
  2 thermic dynamos
  16 ironbound convokers
  19 deep elf zephyrmancers
  6 necromancers
  An iron dragon zombie (Crypt:1)
  20 ugly things
  3 cyclopes
  27 deep elf pyromancers
  2 stone giant zombies
  A fire giant zombie (Vaults:3)
  6 orc sorcerers
  2 manticores
  A human skeleton (Vaults:5)
  3 shining eyes
  A faun (shapeshifter) (Vaults:5)
  2 will-o-the-wisps
  19 salamanders
  A centaur zombie (Crypt:1)
  3 elephants
  31 moths of wrath
  5 kobold blastminers
  2 rust devils
  16 vault sentinels
  37 black mambas
  An eye of devastation (Slime:3)
  2 guardian serpents
  17 naga magi
  3 meliai (D:13)
  13 cane toads
  A fire giant skeleton (Depths:1)
  5 orange demons
  A dire elephant zombie (Crypt:1)
  2 smoke demons (Zot:5)
  2 gargoyles
  2 unseen horrors
  A water nymph (shapeshifter) (D:13)
  A molten gargoyle (Depths:1)
  3 large abominations (Swamp:4)
  A yaktaur zombie (Vaults:5)
  3 efreet
  A rime drake (Lair:3)
  A human zombie (Vaults:3)
  26 yaktaurs
  2 spark wasp simulacra (Depths:2)
  9 guardian mummies
  A black draconian skeleton (Crypt:2)
  11 komodo dragons
  8 freezing wraiths
  An anaconda simulacrum (Crypt:1)
  A tengu conjurer (Depths:2)
  A bloated husk (Swamp:1)
  3 hellwings (Zot:5)
  A polar bear (Lair:1)
  8 trolls
  3 tyrant leeches
  9 hornets
  11 blink frogs
  A meliai zombie (Crypt:3)
  2 glass eyes
  81 slime creatures
  A vampire (D:10)
  7 wraiths
  19 spriggans
  3 wyverns
  10 shadows
  A spriggan simulacrum (Depths:2)
  9 water elementals
  46 yaks
  4 fire elementals (Elf:1)
  11 golden eyes
  2 basilisks
  An elf skeleton (Vaults:5)
  8 wargs
  3 steam dragons
  2 vampire mosquitoes (Lair:5)
  44 nagas
  2 swamp worms (shapeshifter) (Vaults:5)
  13 swamp worms
  12 water moccasins
  A glowing shapeshifter skeleton (Vaults:3)
  A demonspawn skeleton (Crypt:2)
  3 swamp drakes (Swamp:1)
  27 orc warriors
  A water nymph skeleton (Crypt:1)
  2 sky beasts
  3 black bears
  A cane toad skeleton (Crypt:1)
  9 laughing skulls
  16 wolves
  4 centaurs
  12 ogres
  A swamp dragon skeleton (Crypt:1)
  The ghost of notthatgreg the Sneak, an amateur DsFE of Okawaru (D:3)
  A kobold brigand (D:7)
  9 weeping skulls (Crypt:3)
  An earth elemental (Elf:3)
  7 bullfrogs
  A yaktaur skeleton (Crypt:2)
  A gnoll sergeant (D:9)
  2 scorpions
  A small abomination (Swamp:4)
  2 wights (D:8)
  A cyclops skeleton (Crypt:3)
  A burial acolyte (D:9)
  22 killer bees
  2 howler monkeys
  5 electric eels
  11 hexers
  5 bullfrog zombies (Ossuary)
  A quasit (D:7)
  8 lava snakes
  2 hounds
  A bombardier beetle (D:4)
  A gnoll bouda (D:5)
  15 jellies
  28 orc priests
  6 mummies
  4 sleepcaps
  A basilisk skeleton (Crypt:3)
  3 iguanas
  28 orc wizards
  5 hell rats (Lair:4)
  A boggart zombie (Crypt:1)
  2 killer bee zombies (Ossuary)
  2 crocodile zombies (Ossuary)
  A sky beast zombie (Crypt:1)
  A tengu zombie (Crypt:3)
  An acid dragon skeleton (Crypt:3)
  A crocodile skeleton (Crypt:1)
  6 hound zombies (Ossuary)
  A boggart simulacrum (D:15)
  3 howler monkey zombies (Ossuary)
  Robin (D:2)
  14 gnolls
  2 adders
  2 river rats (Lair:4)
  A hound simulacrum (D:3)
  A swamp drake skeleton (Crypt:2)
  2 white imps
  An adder zombie (D:9)
  3 dart slugs
  A ribbon worm (D:3)
  62 orcs
  5 bats
  8 endoplasms
  3 giant cockroaches
  13 goblins
  7 hobgoblins
  8 jackals (D:2)
  11 kobolds
  A quokka (D:2)
  7 ball pythons
  4 ball python zombies (Ossuary)
  2 frilled lizards (D:1)
  A goblin skeleton (Crypt:3)
  3 hobgoblin zombies (D:7)
  A jackal zombie (D:9)
  A kobold skeleton (D:7)
  3 kobold zombies (D:7)
  An orc skeleton (D:7)
  2 orc zombies
  3 quokka simulacra (D:3)
  5 rats
1931 creatures vanquished.

Vanquished Creatures (collateral kills)
  4 dread liches
  Mara (Swamp:4)
  7 orbs of fire
  2 Killer Klowns (Zot:5)
  the Lernaean hydra (Swamp:4)
  Jory (Vaults:3)
  4 golden dragons
  2 electric golems
  A doom hound (Depths:2)
  8 tentacled monstrosities
  10 Orb Guardians
  4 titans (Vaults:5)
  3 liches
  A walking divine tome (Depths:4)
  4 quicksilver dragons
  A sphinx (Crypt:3)
  16 acid blobs
  A death cob (Zot:3)
  4 shadow dragons
  2 tengu reavers
  3 storm dragons
  2 revenants (Crypt:3)
  3 rockslimes
  4 azure jellies
  4 frost giants
  A deep elf sorcerer (Elf:2)
  Louise (Swamp:1)
  2 nagarajas
  A protean progenitor (Zot:1)
  2 draconian knights
  2 fire giants
  3 deep elf elementalists (Elf:3)
  A vault warden (Vaults:5)
  A cacodemon (Zot:1)
  An orc warlord (D:12)
  8 ironbound preservers
  A ghoul (Crypt:2)
  An ironbound thunderhulk (Vaults:1)
  7 quicksilver oozes
  A stone giant (Vaults:5)
  2 green draconians (Zot:1)
  8 formless jellyfish
  A deep elf demonologist (Elf:3)
  A vampire knight (Depths:3)
  3 deep elf annihilators (Elf:3)
  2 black draconians
  3 spark wasps
  3 deep elf death magi
  A bunyip (Swamp:4)
  2 spectral titans
  9 dire elephants
  3 red draconians (Depths:4)
  2 purple draconians
  An orange crystal statue (WizLab)
  An eidolon (Vaults:1)
  An ettin (Vaults:5)
  A green death (Swamp:4)
  2 crystal guardians
  2 mummy priests
  3 jiangshi
  4 great orbs of eyes
  A spectral spriggan (Depths:3)
  4 yaktaur captains
  6 vault guards
  A salamander tyrant (Snake:4)
  A deep elf high priest (Vaults:5)
  Fannar (D:10)
  5 hydras
  A rakshasa (Depths:1)
  An ice dragon (Depths:2)
  3 anacondas
  A spriggan air mage (Depths:2)
  A spriggan skeleton (Crypt:1)
  A peacekeeper (Vaults:2)
  3 alligators
  A death knight (Crypt:2)
  9 dancing weapons
  A satyr (Zot:3)
  A boulder beetle (D:14)
  2 two-headed ogres (Vaults:5)
  2 spectral fire giants (Depths:3)
  2 deep troll shamans (Depths:2)
  2 tengu warriors (Depths:2)
  4 naga warriors
  A deep troll earth mage (Depths:2)
  A thrashing horror (Swamp:4)
  A spectral storm dragon (Depths:3)
  3 death yaks (Lair:5)
  A vampire mage (Crypt:3)
  2 soul eaters
  3 naga sharpshooters
  A spriggan berserker (Depths:3)
  8 deep elf knights
  A storm dragon zombie (Vaults:5)
  An iron troll (Depths:3)
  A shock serpent (Snake:4)
  3 hell knights
  3 shadow wraiths
  A sun demon (D:15)
  A skyshark (Lair:3)
  6 deep elf archers
  A salamander mystic (Snake:4)
  A goliath frog (Swamp:4)
  2 skeletal warriors (D:12)
  A glowing orange brain (Slime:2)
  21 deep trolls
  A spectral spark wasp (Depths:3)
  A spark wasp zombie (Depths:1)
  4 bog bodies
  An obsidian statue (Depths:3)
  A golden dragon zombie (Depths:1)
  8 naga ritualists
  4 mana vipers
  4 swamp dragons
  An arcanist (D:13)
  A wolf spider zombie (Crypt:2)
  3 lindwurms (Vaults:2)
  An iron giant skeleton (Crypt:3)
  3 ironbound convokers
  3 thermic dynamos
  4 phantasmal warriors
  3 necromancers
  4 orc knights
  5 deep elf pyromancers
  2 deep elf zephyrmancers (Elf:1)
  3 ugly things
  A cyclops (D:12)
  A will-o-the-wisp (Swamp:4)
  2 shining eyes
  3 salamanders
  An elephant (Lair:5)
  13 black mambas
  A guardian serpent (Snake:2)
  4 naga magi
  4 vault sentinels
  10 cane toads
  3 orange demons
  A red draconian zombie (Crypt:1)
  A torpor snail (Lair:2)
  3 rime drakes
  A komodo dragon (Lair:1)
  A spark wasp simulacrum (Depths:1)
  5 guardian mummies
  A freezing wraith (Crypt:3)
  A yaktaur (Vaults:2)
  A great orb of eyes zombie (Crypt:1)
  A troll (D:11)
  2 tyrant leeches (Lair:5)
  4 hornets
  2 polar bears
  11 blink frogs
  A glass eye (Depths:4)
  41 slime creatures
  12 yaks
  2 shadows (Crypt:3)
  6 spriggans
  A yak (shapeshifter) (Vaults:5)
  2 wyverns (D:9)
  A fire elemental (Elf:1)
  2 wraiths (Crypt:3)
  3 basilisks
  3 vampire mosquitoes (Lair:5)
  A glowing shapeshifter zombie (Vaults:3)
  2 swamp worms
  A two-headed ogre zombie (Crypt:2)
  3 nagas
  10 water moccasins
  11 orc warriors
  2 swamp drakes
  5 ogres
  3 black bears (D:9)
  5 laughing skulls
  15 wolves
  A centaur (D:12)
  4 bullfrogs
  A gnoll sergeant (D:10)
  A kobold brigand (D:9)
  2 earth elementals (Elf:3)
  2 wights (D:8)
  2 killer bees
  An electric eel (Vaults:4)
  2 lava snakes (Lair:2)
  A jelly (Lair:4)
  3 orc priests
  4 orc wizards
  A mummy (Crypt:2)
  2 gnolls (D:9)
  3 river rats (Lair:4)
  A lava snake skeleton (Crypt:1)
  9 orcs
  A jackal zombie (D:9)
  An aspiring flesh (Zot:3)
608 creatures vanquished.

Vanquished Creatures (others)
  An ettin (Depths:2)
  A deep elf knight (Elf:2)
  A will-o-the-wisp (Swamp:3)
  A tengu simulacrum (Depths:2)
  85 hexers
  An orc wizard (D:6)
  7 ancestors
  4 foxfires
101 creatures vanquished.

Grand Total: 2640 creatures vanquished

Notes
Turn   | Place    | Note
-------+----------+-------------------------------------------
     0 | D:5      | ForkInBrain the Draconian Delver began the quest for the
                  | Orb.
     0 | D:5      | Reached XP level 1. HP: 19/19 MP: 1/1
    38 | D:5      | Noticed a water moccasin
    39 | D:5      | Noticed a howler monkey
   113 | D:4      | Found a broken altar of Ashenzari.
   363 | D:4      | Reached XP level 2. HP: 26/26 MP: 2/2
   489 | D:4      | Noticed a bombardier beetle
   642 | D:2      | Noticed Robin
   831 | D:2      | Reached XP level 3. HP: 27/31 MP: 3/3
  1108 | D:1      | Found a faded altar of an unknown god.
  1974 | D:2      | Found a white marble altar of Elyvilon.
  1991 | D:2      | Became a worshipper of Elyvilon the Healer
  2365 | D:2      | Reached XP level 4. HP: 40/40 MP: 4/4
  2406 | D:2      | Killed Robin
  2819 | D:3      | Reached * piety under Elyvilon
  2832 | D:3      | Found a runed translucent gate.
  2835 | D:3      | Found a runed translucent gate.
  2839 | D:3      | Found a runed translucent gate.
  2899 | D:3      | Found a blossoming altar of Fedhas.
  3365 | D:3      | Reached ** piety under Elyvilon
  3542 | D:3      | Reached skill level 1 in Shields
  3546 | D:3      | Noticed notthatgreg's ghost (amateur DsFE)
  3602 | D:3      | Found an ornate altar of the Wu Jian Council.
  3707 | D:4      | Noticed a scorpion
  3719 | D:4      | Killed a scorpion
  3720 | D:4      | Reached skill level 1 in Maces & Flails
  3720 | D:4      | Reached XP level 5. HP: 42/46 MP: 5/5
  4626 | D:5      | Reached XP level 6. HP: 23/52 MP: 6/6
  4966 | D:5      | Found a staircase to the Ecumenical Temple.
  5068 | Temple   | Entered the Ecumenical Temple
  5085 | Temple   | Fell from the grace of Elyvilon
  5085 | Temple   | Became a worshipper of Hepliaklqana the Forgotten
  5259 | D:6      | Your scales start taking on a pale cyan-grey colour.
  5259 | D:6      | Reached XP level 7. HP: 56/60 MP: 7/7
  5259 | D:6      | Gained mutation: You are immune to the effects of steam.
                  | [Pale Draconian growth]
  5377 | D:6      | Reached skill level 5 in Fighting
  5415 | D:6      | Reached skill level 1 in Ranged Weapons
  5504 | D:6      | Noticed a steam dragon
  5542 | D:6      | Killed a steam dragon
  5692 | D:6      | Found a sand-covered staircase.
  5699 | Ossuary  | Entered an ossuary
  5834 | Ossuary  | Reached XP level 8. HP: 68/68 MP: 8/8
  6397 | D:6      | Reached skill level 5 in Ranged Weapons
  6515 | D:7      | Found Tikothec's Antique Weapon Shoppe.
  6744 | D:7      | Found a glowing golden altar of the Shining One.
  6946 | D:7      | Reached XP level 9. HP: 44/77 MP: 9/9
  6950 | D:7      | Reached skill level 5 in Dodging
  7990 | D:8      | Reached * piety under Hepliaklqana
  8339 | D:8      | Reached XP level 10. HP: 79/79 MP: 10/10
  8419 | D:8      | Reached skill level 10 in Ranged Weapons
  8687 | D:8      | Found a burning altar of Makhleb.
  9336 | D:9      | Reached ** piety under Hepliaklqana
  9337 | D:9      | Remembered your ancestor Expendable Helper as a hexer
  9566 | D:9      | Found a staircase to the Lair.
  9615 | D:9      | Reached XP level 11. HP: 81/85 MP: 11/11
  9734 | D:9      | Noticed a two-headed ogre
  9742 | D:9      | Killed a two-headed ogre
  9919 | D:9      | Found an ancient bone altar of Kikubaaqudgha.
 10266 | D:10     | Entered Level 10 of the Dungeon
 10349 | D:10     | Noticed a deep elf pyromancer
 10357 | D:10     | Killed a deep elf pyromancer
 10525 | D:10     | Noticed Lodul
 10691 | D:10     | Noticed Fannar
 10699 | D:10     | Killed Fannar
 10986 | D:10     | Killed Lodul
 11324 | D:10     | Reached *** piety under Hepliaklqana
 11412 | D:9      | Reached skill level 10 in Fighting
 11867 | Lair:1   | Entered Level 1 of the Lair of Beasts
 12054 | Lair:1   | Reached XP level 12. HP: 63/97 MP: 12/12
 13916 | Lair:2   | Noticed Erica
 13934 | Lair:2   | Killed Erica
 13984 | Lair:2   | Reached skill level 15 in Ranged Weapons
 14084 | Lair:2   | Identified the amulet of the Falcon {Reflect SH+5 Stlth+}
 14215 | Lair:2   | You fall into a shaft and drop 1 floor!
 14257 | Lair:3   | Found a staircase to the Swamp.
 14436 | Lair:3   | Reached **** piety under Hepliaklqana
 14545 | Lair:2   | Found a staircase to the Snake Pit.
 14652 | Lair:2   | Noticed a catoblepas
 14669 | Lair:2   | Killed a catoblepas
 14670 | Lair:2   | Reached skill level 1 in Invocations
 15053 | Lair:3   | Reached XP level 13. HP: 106/106 MP: 14/14
 15377 | Lair:3   | Reached ***** piety under Hepliaklqana
 16320 | Lair:4   | Found a staircase to the Slime Pits.
 16324 | Lair:4   | Found a viscous altar of Jiyva.
 16712 | Lair:5   | Entered Level 5 of the Lair of Beasts
 17292 | Lair:5   | Reached skill level 5 in Invocations
 19211 | Lair:5   | Reached XP level 14. HP: 117/117 MP: 18/18
 19334 | Lair:5   | Found a hide-covered altar of Uskayaw.
 21117 | D:12     | Noticed Snorg
 21129 | D:12     | Killed Snorg
 21228 | D:12     | Found a staircase to the Orcish Mines.
 21396 | D:12     | Found a sacrificial altar of Ru.
 21788 | Orc:1    | Entered Level 1 of the Orcish Mines
 21820 | Orc:2    | Entered Level 2 of the Orcish Mines
 21827 | Orc:2    | Noticed an orc warlord
 22075 | Orc:1    | Reached skill level 5 in Stealth
 22170 | Orc:1    | Noticed an orc warlord
 22458 | D:12     | Reached skill level 1 in Evocations
 22527 | D:12     | Found a staircase to the Orcish Mines.
 22782 | D:12     | Found a sacrificial altar of Ru.
 23124 | D:12     | Found a staircase to the Orcish Mines.
 23351 | D:12     | Found a sacrificial altar of Ru.
 23593 | Orc:1    | Noticed an orc warlord
 23618 | Orc:1    | Killed an orc warlord
 23750 | D:12     | Killed an orc warlord
 24145 | Orc:1    | Identified the +0 cloak of Squeaky Lucidity {rPois rF-
                  | Regen+}
 24208 | Orc:1    | Identified the +8 arbalest "Goblin's Regret" {heavy, rF+
                  | rN+ Will- rCorr}
 25153 | Orc:2    | Found a staircase to the Elven Halls.
 25729 | Orc:1    | Killed an orc warlord
 25861 | Orc:2    | Reached skill level 15 in Fighting
 28409 | Orc:2    | Found Giupucit's Weapon Emporium.
 28409 | Orc:2    | Found Morch's Magic Scroll Shoppe.
 28410 | Orc:2    | Found Epavasef's Weapon Shoppe.
 28423 | Orc:2    | Reached XP level 15. HP: 126/126 MP: 21/21
 28720 | Orc:2    | Found Ynat's Book Emporium.
 28728 | Orc:2    | Bought a scroll of immolation for 60 gold pieces
 28728 | Orc:2    | Bought a scroll of fog for 60 gold pieces
 28728 | Orc:2    | Bought a scroll of identify for 30 gold pieces
 28728 | Orc:2    | Bought a scroll of enchant weapon for 112 gold pieces
 28728 | Orc:2    | Bought a scroll of enchant weapon for 112 gold pieces
 28728 | Orc:2    | Bought a scroll of vulnerability for 60 gold pieces
 29895 | D:13     | Noticed Urug
 29898 | D:13     | Killed Urug
 29994 | D:13     | Identified the +10 dagger "Otsekat" {speed, Will+ SInv}
 30254 | D:13     | Identified the +6 orcbow of Upheaval {elec, Fly rN+ MP+9
                  | Dex-4}
 30578 | D:13     | Noticed Erolcha
 30585 | D:13     | Killed Erolcha
 31476 | D:14     | Identified the staff of Ignis's Approval {rElec MP-9 Str+2
                  | Stlth+ Conj Air}
 31807 | D:14     | Found a gate to the Vaults.
 31914 | D:14     | Reached skill level 5 in Evocations
 32059 | D:14     | Reached skill level 5 in Shields
 32318 | D:15     | Entered Level 15 of the Dungeon
 32686 | D:15     | Noticed Agnes
 32694 | D:15     | Killed Agnes
 33085 | D:15     | Identified the ring of Huazae {rF+ Stlth+}
 33091 | D:15     | Got the Information on the Ossuary and Hyperthermia
 33092 | D:15     | Identified the amulet of the Ikuchi {Acrobat rN+ Str+2
                  | SInv}
 33513 | D:15     | Found a staircase to the Depths.
 33890 | Snake:1  | Entered Level 1 of the Snake Pit
 34174 | Snake:1  | Reached XP level 16. HP: 136/136 MP: 21/23
 34192 | Snake:1  | Learned a level 3 spell: Fugue of the Fallen
 34213 | Snake:1  | Found Wubas's Neck Hole.
 34268 | Snake:1  | Found Sadal's Tremendous Tomes.
 34436 | Snake:1  | Identified the serpent talisman "Biabeur" {rElec rF++ Int+3
                  | Dex-2}
 34436 | Snake:1  | Noticed Aizul
 34441 | Snake:1  | Killed Aizul
 34486 | Snake:1  | Found Itzain's Jewellery Shoppe.
 34487 | Snake:1  | Found Awkomp's Book Shop.
 34488 | Snake:1  | Found Selait's Jewellery Shoppe.
 34500 | Snake:1  | Bought the amulet "Cotarchi" {rPois Regen+ MP+9 Int+2} for
                  | 1221 gold pieces
 34851 | Snake:2  | Reached skill level 1 in Necromancy
 35785 | Snake:2  | Reached ****** piety under Hepliaklqana
 36041 | Snake:2  | Found Yqyth's Antique Armour Shop.
 36044 | Snake:2  | Bought a pair of boots for 148 gold pieces
 36612 | Snake:3  | Reached skill level 10 in Invocations
 38056 | Snake:3  | Found Penud's Armour Boutique.
 38066 | Snake:3  | Found a shimmering altar of Xom.
 39959 | Snake:4  | Entered Level 4 of the Snake Pit
 40039 | Snake:4  | Reached XP level 17. HP: 104/146 MP: 24/24
 40165 | Snake:4  | Found a flickering gateway to a bazaar.
 40283 | Bazaar   | Entered a bazaar
 40283 | Bazaar   | Found Jafal's Antique Weapon Boutique.
 40283 | Bazaar   | Found Saufecor's Book Shoppe.
 40283 | Bazaar   | Found Onnun's Distillery.
 40283 | Bazaar   | Found Nohosh's Armour Shoppe.
 40285 | Bazaar   | Found Vucue's General Store.
 40285 | Bazaar   | Found Iniedit's Distillery.
 40312 | Bazaar   | Bought 2 potions of cancellation for 256 gold pieces
 40312 | Bazaar   | Bought 2 potions of invisibility for 256 gold pieces
 40312 | Bazaar   | Bought a potion of heal wounds for 80 gold pieces
 40312 | Bazaar   | Bought a potion of heal wounds for 80 gold pieces
 41579 | Snake:4  | Reached skill level 1 in Spellcasting
 42791 | Snake:4  | Identified the +3 flail of the Imbibing Gods {drain, rPois
                  | Int+2 Stlth+}
 43163 | Snake:4  | Identified the +7 demon trident of Breach {flame, Str-2
                  | Int+6 Dex+3}
 43636 | Snake:4  | Identified the +3 ring mail "Foyshy" {Fly Int+8}
 43639 | Snake:4  | Identified the +0 pair of gloves of Meager Freedom {-Cast
                  | rElec rN++ Stlth+}
 43651 | Snake:4  | Got Soafef's Opusculum on the Morgue
 43668 | Snake:4  | Identified the staff "Hydrabane" {+Blink rPois Ice Alchemy}
 44760 | Snake:4  | Got a serpentine rune of Zot
 45100 | Snake:4  | Upgraded the game from 0.32-a0-886-g41c5271027 to
                  | 0.32-a0-893-gf85d74f360
 45268 | Swamp:1  | Entered Level 1 of the Swamp
 45736 | Swamp:1  | Noticed Louise
 45744 | Swamp:1  | Killed Louise
 45745 | Swamp:1  | Reached XP level 18. HP: 142/155 MP: 26/26
 47371 | Swamp:3  | Reached skill level 5 in Necromancy
 47501 | Swamp:3  | Identified the +7 scimitar of Xaphu {drain, rF+ rN+ Str-3
                  | SInv}
 47539 | Swamp:3  | Noticed Nikola
 47589 | Swamp:4  | Entered Level 4 of the Swamp
 48385 | Swamp:4  | Identified the +2 robe "Ykyepsig" {rN+}
 48836 | Swamp:4  | Noticed Mara
 48933 | Swamp:4  | Reached skill level 10 in Evocations
 49397 | Lair:5   | Found a hide-covered altar of Uskayaw.
 50151 | Lair:5   | Found a hide-covered altar of Uskayaw.
 50842 | Vaults:1 | Entered Level 1 of the Vaults
 51289 | Vaults:1 | Noticed an ancient lich
 51324 | Vaults:1 | Killed an ancient lich
 51325 | Vaults:1 | Reached skill level 10 in Dodging
 51930 | Vaults:1 | Reached XP level 19. HP: 164/164 MP: 28/28
 52318 | Vaults:1 | Got the Folio of Impulse and Conflagration
 53746 | Vaults:2 | You fall into a shaft and drop 2 floors!
 57029 | Vaults:2 | Reached XP level 20. HP: 160/175 MP: 30/30
 58055 | Vaults:3 | Noticed Jory
 58067 | Vaults:3 | Killed Jory
 58188 | Vaults:3 | Paralysed by a sphinx for 5 turns
 58378 | Vaults:3 | Found a staircase to the Crypt.
 58378 | Vaults:3 | Found an ancient bone altar of Kikubaaqudgha.
 58379 | Vaults:3 | Found a basalt altar of Yredelemnul.
 58873 | Vaults:4 | Identified the +0 pair of boots "Ydat" {rPois Str+5 Int-5}
 59553 | Vaults:4 | Found a glowing golden altar of the Shining One.
 59875 | Vaults:4 | Noticed Sojobo
 60016 | Vaults:4 | Paralysed by an air elemental for 1 turns
 60018 | Vaults:4 | Paralysed by an air elemental for 1 turns
 60021 | Vaults:4 | Paralysed by an air elemental for 1 turns
 60022 | Vaults:4 | Killed Sojobo
 60101 | Vaults:4 | Identified the +1 war axe of Mens Rea {distort, rF+ rC- rN+
                  | Int+4}
 60132 | Vaults:4 | Found Exkato's Distillery.
 60274 | Vaults:4 | Bought a potion of curing for 36 gold pieces
 60274 | Vaults:4 | Bought a potion of curing for 36 gold pieces
 60274 | Vaults:4 | Bought a potion of invisibility for 96 gold pieces
 60274 | Vaults:4 | Bought a potion of curing for 36 gold pieces
 60274 | Vaults:4 | Bought a potion of curing for 36 gold pieces
 60274 | Vaults:4 | Bought a potion of invisibility for 96 gold pieces
 60504 | Crypt:1  | Entered Level 1 of the Crypt
 60601 | Crypt:1  | Reached skill level 15 in Invocations
 62154 | Crypt:2  | Reached XP level 21. HP: 169/180 MP: 32/32
 62236 | Crypt:2  | Identified a scroll of acquirement
 62277 | Crypt:2  | Acquired 1192 gold pieces
 62904 | Crypt:2  | Found a large runed translucent door.
 62904 | Crypt:2  | Found a large runed translucent door.
 62908 | Crypt:2  | Noticed Weuw's ghost (adept GrFi)
 62963 | Crypt:3  | Entered Level 3 of the Crypt
 63560 | Crypt:3  | Found a staircase to the Tomb.
 63998 | Crypt:3  | Paralysed by a vampire knight for 5 turns
 64008 | Crypt:3  | Paralysed by a vampire knight for 4 turns
 64451 | Crypt:3  | Identified the staff of Tenuaw {rElec rN+ MP+9 Int-3 Necro
                  | Earth}
 64470 | Crypt:3  | Reached skill level 10 in Shields
 64481 | Crypt:3  | Found an ancient bone altar of Kikubaaqudgha.
 64899 | Crypt:3  | Identified the staff of Midnight {rPois rN+ SInv Necro}
 64905 | Crypt:3  | Identified the +1 cloak "Fix Agas" {Rampage rPois Regen+
                  | Dex-3}
 65423 | Crypt:3  | Identified the +2 rapier "Fyineh" {heavy, ^Fragile rPois
                  | rC+ rN++}
 65847 | Elf:1    | Entered Level 1 of the Elven Halls
 66159 | Elf:1    | Found Fyrag's Armour Emporium.
 66162 | Elf:1    | Identified the +0 robe of Experimentation {rF+}
 66859 | Elf:2    | Acquired a manual of Dodging
 66910 | Elf:2    | Found a flickering gateway to a bazaar.
 66933 | Bazaar   | Entered a bazaar
 66933 | Bazaar   | Found Fentased's Antique Armour Shoppe.
 66933 | Bazaar   | Found Febair's Antique Weapon Shoppe.
 66951 | Bazaar   | Found Tethrar's Jewellery Boutique.
 66962 | Bazaar   | Found Bituzxued's General Store.
 66970 | Bazaar   | Bought a scroll of blinking for 52 gold pieces
 66975 | Bazaar   | Found Geafosk's Magic Scroll Boutique.
 66983 | Bazaar   | Bought a scroll of amnesia for 28 gold pieces
 66983 | Bazaar   | Bought a scroll of blinking for 52 gold pieces
 66983 | Bazaar   | Bought a scroll of enchant armour for 52 gold pieces
 66983 | Bazaar   | Bought a scroll of teleportation for 21 gold pieces
 67000 | Bazaar   | Bought a ring of willpower for 325 gold pieces
 67030 | Elf:2    | Found a magical portal.
 67042 | WizLab   | Entered Wucad Mu's Monastery
 67178 | WizLab   | Found the crystal ball of Wucad Mu {*channel}
 67544 | Elf:2    | Reached XP level 22. HP: 198/198 MP: 33/33
 67581 | Elf:2    | Learned a level 4 spell: Dimensional Bullseye
 67598 | Elf:2    | Reached skill level 1 in Translocations
 67598 | Elf:2    | Reached XP level 23. HP: 203/203 MP: 34/34
 67747 | Elf:2    | Reached skill level 1 in Hexes
 67881 | Elf:2    | Found a huge runed translucent gate.
 67881 | Elf:2    | Found a huge runed translucent gate.
 67881 | Elf:2    | Found a huge runed translucent gate.
 67884 | Elf:2    | Found a huge runed translucent gate.
 67889 | Elf:2    | Found a huge runed translucent gate.
 68041 | Elf:3    | Entered Level 3 of the Elven Halls
 68378 | Elf:3    | Noticed Bai Suzhen
 68524 | Elf:2    | Killed Bai Suzhen
 68880 | Elf:3    | Reached skill level 5 in Translocations
 69212 | Elf:3    | Identified the +0 scale mail "Wiqeb" {Rampage rN+}
 69363 | Elf:3    | Identified the +4 halberd "Poeku" {holy, rN+ Int+2 Dex+3}
 69380 | Elf:3    | Reached skill level 5 in Hexes
 69589 | Elf:3    | Identified the ring of Ratzoam {rCorr Str+4 Int+2 Dex+6}
 69756 | Elf:3    | Identified the ring "Aduixin" {rN+ SInv}
 70049 | Elf:3    | Identified the +2 ring mail "Baejiew" {rC- rCorr Str+4
                  | Stlth+}
 70518 | Elf:3    | Identified the amulet "Leniqy" {^Drain Fly Regen+ Str+5
                  | Dex-4}
 71146 | Elf:3    | Identified the +1 chain mail of the Pits of Slime {rC+
                  | Will++ Stlth-}
 71857 | Elf:3    | Got the Discursus on the Gelid Sphinx
 71859 | Elf:3    | Identified the +1 helmet of Rimyuv {Rampage rPois Will++}
 71895 | Elf:3    | Identified the staff "Duatad" {^Drain rC+ rN+ Str+2 Int+2
                  | Ice}
 72443 | Swamp:4  | Killed Mara
 72529 | Swamp:4  | Noticed the 27-headed Lernaean hydra
 72534 | Swamp:4  | Killed the 27-headed Lernaean hydra
 72683 | Swamp:4  | Acquired a +4 triple crossbow of freezing
 72713 | Swamp:4  | Got a decaying rune of Zot
 72774 | Swamp:4  | Learned a level 1 spell: Apportation
 72777 | Swamp:4  | Learned a level 2 spell: Blink
 73091 | Depths:1 | Entered Level 1 of the Depths
 73383 | Depths:1 | Found a one-way gate to the infinite horrors of the Abyss.
 74408 | Depths:1 | Found a gateway to Hell.
 75003 | Depths:2 | Identified the ring "Oprautz" {Ice rPois Str+4 Stlth+}
 75003 | Depths:2 | Noticed Josephina
 75077 | Depths:2 | Noticed Grunn
 75114 | Depths:2 | Killed Grunn
 75239 | Depths:2 | Killed Josephina
 75371 | Depths:2 | Found a one-way gateway to a ziggurat.
 75488 | Depths:2 | Reached XP level 24. HP: 211/211 MP: 10/34
 75814 | Depths:3 | Found Louqoaxu's Antique Armour Boutique.
 76191 | Depths:3 | Found Unoiskao's Assorted Antiques.
 76206 | Depths:3 | Bought a wand of roots (1) for 98 gold pieces
 76206 | Depths:3 | Bought a scroll of teleportation for 123 gold pieces
 76650 | Depths:3 | Reached skill level 15 in Dodging
 76777 | Depths:3 | Noticed a royal mummy
 77931 | Depths:3 | Found Guwneops's Armour Shop.
 78328 | Depths:3 | Found Eman's General Store.
 78374 | Depths:3 | Found a white marble altar of Elyvilon.
 78406 | Depths:3 | Bought the ring of Beogh's Pride {rN+ Will+ Dex+6} for 580
                  | gold pieces
 78718 | Depths:4 | Entered Level 4 of the Depths
 79227 | Depths:4 | Found a gate to the Realm of Zot.
 80048 | Depths:4 | Noticed Mennas
 80581 | Depths:2 | Found a one-way gate leading to the halls of Pandemonium.
 81883 | Orc:2    | Bought a scroll of blinking for 112 gold pieces
 81883 | Orc:2    | Bought a scroll of butterflies for 60 gold pieces
 82193 | Depths:3 | Bought a scroll of fog for 44 gold pieces
 82554 | Vaults:4 | Bought a potion of heal wounds for 60 gold pieces
 82627 | Vaults:5 | Entered Level 5 of the Vaults
 82658 | Vaults:5 | Noticed a dread lich
 82673 | Vaults:5 | Killed a dread lich
 83013 | Vaults:5 | Identified the ring "Igiu" {rN+ Will+ rCorr Stlth+}
 83143 | Vaults:5 | Identified the staff of the Nexus {rN+ Str+3 Int+2 Conj
                  | Fire}
 83144 | Vaults:5 | Identified the ring "Uskaz" {AC+4 Dex+4 Stlth+}
 83268 | Vaults:5 | Noticed an ancient lich
 83273 | Vaults:5 | Killed an ancient lich
 83274 | Vaults:5 | Reached XP level 25. HP: 220/220 MP: 34/34
 83331 | Vaults:5 | Identified the staff "Liogaxat" {^Contam +Blink rC+ Int+6
                  | Dex+4 Ice}
 83663 | Vaults:5 | Identified the ring "Nougenla" {MP+9 SInv}
 83686 | Vaults:5 | Reached skill level 5 in Spellcasting
 84118 | Vaults:5 | Identified the amulet "Remom" {+Inv RegenMP+ rCorr}
 84316 | Vaults:5 | Got Kaul's Grimoire of Bombardment and the Nimbus
 84322 | Vaults:5 | Learned a level 4 spell: Passage of Golubria
 84399 | Vaults:5 | Identified the +5 halberd of Exoneration {flame, Int+2}
 84551 | Vaults:5 | Got a silver rune of Zot
 84673 | Vaults:5 | Identified the +3 mace "Elutifi" {flame, Stlth+}
 86105 | Slime:1  | Entered Level 1 of the Pits of Slime
 87864 | Slime:4  | Paralysed by a formless jellyfish for 1 turns
 87893 | Slime:4  | Reached skill level 10 in Translocations
 87937 | Slime:4  | Gained mutation: You are frail. (-10% HP) [a shining eye]
 87939 | Slime:4  | Gained mutation: You occasionally lose the ability to drink
                  | potions when taking damage. [a shining eye]
 89543 | Slime:5  | Entered Level 5 of the Pits of Slime
 89561 | Slime:5  | Reached XP level 26. HP: 204/204 MP: 34/34
 90308 | Slime:5  | Noticed the Royal Jelly
 90320 | Slime:5  | Killed the Royal Jelly
 90728 | Slime:5  | Found the +8 demon blade "Leech" {evervamp, Harm ^Drain
                  | rN+}
 90746 | Slime:5  | Identified the +7 spear "Futitema" {antimagic, rC+ rN+
                  | Will+ Str-4}
 90749 | Slime:5  | Identified the ring "Dituz" {*Corrode rElec rPois rN++
                  | Stlth+}
 90806 | Slime:5  | Got a slimy rune of Zot
 91917 | D:3      | Killed notthatgreg's ghost
 93181 | Zot:1    | Entered Level 1 of the Realm of Zot
 93274 | Zot:1    | Noticed an orb of fire
 93277 | Zot:1    | Killed an orb of fire
 93314 | Zot:1    | Found a stormy altar of Qazlal.
 93409 | Zot:1    | Found a stormy altar of Qazlal.
 94194 | Zot:1    | Found a stormy altar of Qazlal.
 94468 | Zot:1    | Found a stormy altar of Qazlal.
 94601 | Zot:1    | Found a stormy altar of Qazlal.
 94613 | Zot:1    | Found a stormy altar of Qazlal.
 97431 | Zot:3    | Noticed an orb of fire
 97436 | Zot:3    | Killed an orb of fire
 97531 | Zot:3    | Reached XP level 27. HP: 212/212 MP: 34/34
 98238 | Zot:4    | Identified the +7 quarterstaff of the Scorned {venom,
                  | ^Fragile Str+4 Int+7}
 98598 | Zot:5    | Entered Level 5 of the Realm of Zot
 99012 | Zot:5    | Noticed an orb of fire
 99012 | Zot:5    | Noticed a dread lich
 99016 | Zot:5    | Noticed an orb of fire
 99018 | Zot:5    | Noticed an orb of fire
 99021 | Zot:5    | Lost mutation: You occasionally lose the ability to drink
                  | potions when taking damage. [an orb of fire]
 99022 | Zot:5    | Noticed an orb of fire
 99022 | Zot:5    | Noticed an ancient lich
 99022 | Zot:5    | Gained mutation: Your body sometimes deteriorates upon
                  | taking damage. [an orb of fire]
 99171 | Zot:5    | Killed an ancient lich
 99184 | Zot:5    | Killed an orb of fire
 99185 | Zot:5    | Gained mutation: You are clumsy. (Dex -2) [an orb of fire]
 99188 | Zot:5    | Killed an orb of fire
 99189 | Zot:5    | Noticed an orb of fire
 99465 | Zot:5    | Killed a dread lich
 99468 | Zot:5    | Killed an orb of fire
 99574 | Zot:5    | Killed an orb of fire
100533 | Zot:5    | Noticed a dread lich
100535 | Zot:5    | Noticed an orb of fire
100538 | Zot:5    | Killed a dread lich
100541 | Zot:5    | Killed an orb of fire
100655 | Zot:5    | Killed an orb of fire
100986 | Zot:5    | Noticed a dread lich
100990 | Zot:5    | Killed a dread lich
101215 | Zot:5    | Got the Orb of Zot
101858 | D:1      | Debated going for more runes with this character, but
                  | ultimately I wanted to grab the Delver and Pale Draconian
                  | wins. I'll have to do a shieldless ranged character 15 rune
                  | game at some point.
101859 | D:$      | Escaped with the Orb!

Illustrated notes

..........###.###......####.###..
................+................
..........##.####......######....
..........##..+.#......# ######
..........#####.#.###### #.....
..........# #.#..# #####+####
..........# #.##.# #.......##
..........#####.##.#####.......##
..............+.@#.#...........##
..........#####R##.###.##......##
..........# #.#..# #.....)...##
########### #.#.######.##......
### #####.#...##...##.##### ..#
#...'.###.##.####......
#.#########.##### #....####..)...
...........[# ####...###.####
..#########.# #.#..##.# #.


Turn 101858 on D:1: Debated going for more runes with this character, but
ultimately I wanted to grab the Delver and Pale Draconian wins. I'll have to do
a shieldless ranged character 15 rune game at some point.

Levels and vault maps discovered:
D:1:      minmay_arrival_three_doors, layout_basic,
          hellmonk_ecumenical_altar_pennies_from_heaven, nicolae_the_louvre
D:2:      layout_basic, basic_altar, hex_medium, fountainhead, uniq_robin
D:3:      layout_basic, old_standard_altar, nicolae_wu_jian_immortal_techniques,
          gammafunk_ghost_icy
D:4:      layout_basic, ashenzari_conservatory_becter
D:5:      layout_rooms, minmay_temple_entry_antechambers
D:6:      layout_basic, enter_ossuary_5
D:7:      layout_loops_cross, nicolae_tso_besieged_by_evil, serial_shops,
          nicolae_stop_n_shop_1
D:8:      layout_basic, lemuel_tele_altar, hangedman_decor_clover_reticule
D:9:      layout_stronghold, lemuel_zombie_altar_kikubaaqudgha,
          minmay_lair_entry_grove, kennysheep_generic_room_6
D:10:     layout_cave_pools, uniq_lodul, uniq_fannar
D:11:     layout_irregular_city, lemuel_old_faithful
D:12:     layout_loops_ring, orc_0_dummy, nicolae_ru_the_path_less_chosen,
          uniq_snorg
D:13:     layout_basic, uniq_erolcha, uniq_urug
D:14:     layout_small_grid, erik_vaults_2, minmay_misc_feat_room,
          hangedman_decor_push
D:15:     grunt_enter_depths_snipers, layout_basic,
          chequers_serial_rivers_micro_c, minmay_lindwurm_lava, uniq_agnes
Temple:   nicolae_temple_elliptical
Lair:1:   kb_forest_paths, layout_cave_pods, infiniplex_staircase_pool_2
Lair:2:   layout_regular_city, nicolae_snake_entry_warm_welcome, uniq_erica
Lair:3:   layout_regular_city, minmay_swamp_entry_reptiles
Lair:4:   layout_long_grid, minmay_slime_entry_jelly_boxes,
          kennysheep_abandoned_house
Lair:5:   minmay_lair_end_frog_pond, layout_cave_pods, basic_altar,
          grunt_forest_large_clearings
Swamp:1:  layout_basic_swamp, serial_swamp_ruin, evilmike_swamp_ruin_rubble_1,
          evilmike_swamp_ruin_house_1, evilmike_swamp_ruin_house_5,
          infiniplex_staircase_pool, uniq_louise
Swamp:2:  layout_basic_swamp, evilmike_swamp_ruin_house_4, swamp_pool_1_2,
          st_swamp_ruins_1
Swamp:3:  layout_falls_marsh, nicolae_swamp_feature_on_the_river_bank,
          swamp_pool_1_2, nicolae_swamp_small_spring, uniq_jorgrun, uniq_nikola
Swamp:4:  swamp_vile, layout_basic_swamp, uniq_mara
Snake:1:  layout_basic, nicolae_shop_i_like_big_books,
          nicolae_shop_sticking_my_neck_out, minmay_shop_grove, uniq_aizul
Snake:2:  layout_chambers, serial_shops, shop_statue, nicolae_integral_box
Snake:3:  layout_basic, serial_shops, nicolae_take_the_stairs, basic_altar
Snake:4:  minmay_snake_end_coiled, layout_layer_cave, serial_shops,
          freezing_bzr, st_stairs_1, nicolae_snake_naga_rites
Slime:1:  nicolae_slime_pool, layout_caves, nicolae_slime_phagocytosis
Slime:2:  layout_caves
Slime:3:  layout_caves
Slime:4:  layout_caves
Slime:5:  slime_pit_nicolae_royal_road_to_ruin
Orc:1:    layout_caves, minmay_orc_treasury
Orc:2:    st_orc_mages, layout_caves
Elf:1:    layout_loops_cross, serial_shops, shop, regret_index_elf_centigrade
Elf:2:    elven_hall_of_blades_hangedman_alternative
          [nicolae_blade_little_rooms], layout_geoelf_grid, mu_enter_wizlab_4,
          serial_shops, bzr_entry_lakeside
Elf:3:    minmay_elf_hall_curves, layout_loops_cross, uniq_bai_suzhen
Vaults:1: vaults_dpeg_emergency_exit, nicolae_vaults_turnstiles,
          nicolae_vaults_apartment_2, nicolae_vaults_triangles, v_rooms_3,
          nicolae_vaults_twisting_passages, nicolae_vaults_trapezoid_4,
          grunt_vaults_twisty, nicolae_vaults_hexular_roomagon, v_misc_18,
          nicolae_vaults_trapezoid_1, grunt_vaults_bifocal,
          nicolae_vaults_house_3, nicolae_vaults_you_can_take_it_with_you,
          nicolae_vaults_trapezoid_2, layout_vaults_omnibox
Vaults:2: v_rooms_6, ontoclasm_vaults_ligature, nicolae_vaults_double_plus_1,
          nicolae_vaults_mini_display_case, nicolae_vaults_house_2,
          layout_vaults_omnigrid
Vaults:3: nicolae_vaults_good_morning_starshine, v_misc_3, v_alt_pattern_5,
          minmay_crypt_entry_necro_gods, nicolae_vaults_trapezoid_2,
          vaults_room_large_hall, nicolae_vaults_variable_pillar_hall,
          vaults_mumra_lcd, v_misc_27, vaults_mumra_minichess_inversion,
          ontoclasm_vaults_ring_large, ontoclasm_vaults_pinch,
          nicolae_vaults_surprise_closet, nicolae_vaults_rhombus_6, v_misc_29,
          layout_vaults_maze_snakey, uniq_jory
Vaults:4: vaults_mumra_minichess, nicolae_vaults_diagonal_hallway_6,
          nicolae_vaults_yaktaur_gun_rack, v_misc_26,
          nicolae_vaults_trapezoid_lopsided_4, lightli_orcish_oven,
          lemuel_angel_altar, nicolae_vaults_swerve, ontoclasm_vaults_spin,
          v_rooms_5, vaults_dpeg_ring, vaults_room_mumra_shop_pool,
          nicolae_vaults_tetromino_T_1, ontoclasm_vaults_fault,
          vaults_room_pools, nicolae_vaults_little_squares_6,
          layout_vaults_omnicross, uniq_sojobo
Vaults:5
Crypt:1:  layout_chaotic_city, lemuel_freeze_loot_1
Crypt:2:  layout_misc_corridors, ebering_ghost_disaster_area,
          ebering_dispersal_statue_hall
Crypt:3:  church_of_pain_bobbens, layout_chaotic_city, tomb_entry_sphere_bobbens
Depths:1: layout_honeycomb, abyss_entry, nicolae_concentric_dashed_squares_mild,
          hellmouth_3, minmay_misc_feat_four_crosses, nicolae_letterblocks
          [nicolae_letter_subblock, nicolae_letter_subblock,
          nicolae_letter_subblock, nicolae_letter_subblock,
          nicolae_letter_subblock, nicolae_letter_subblock,
          nicolae_letter_subblock, nicolae_letter_subblock,
          nicolae_letter_subblock, nicolae_letter_subblock,
          nicolae_letter_subblock, nicolae_letter_subblock,
          nicolae_letter_subblock, nicolae_letter_subblock,
          nicolae_letter_subblock, nicolae_letter_subblock,
          nicolae_letter_subblock, nicolae_letter_subblock,
          nicolae_letter_subblock, nicolae_letter_subblock,
          nicolae_letter_subblock, nicolae_letter_subblock,
          nicolae_letter_subblock, nicolae_letter_subblock,
          nicolae_letter_subblock]
Depths:2: minmay_bloctagon_deflated, layout_gridlike, enter_ziggurat_a,
          serial_sigils_hangedman_snap, hell_entry, rand_demon_pan_entry_9,
          grunt_ministairs_3, minmay_staircase_windowed_small, uniq_grunn,
          uniq_josephina
Depths:3: lemuel_minitomb, layout_gridlike, nicolae_elyvilon_temple_path,
          serial_shops, shop, nicolae_shop_gibbet_a_chance, shop,
          nicolae_shop_window_shopping, grunt_hell_entry_dis_old, abyss_entry,
          st_stairs_12, kilobyte_mutagenic_chamber
Depths:4: grunt_crosshair, layout_basic, dreamdust_wishing_well,
          hangedman_tar_grid_catacomb, uniq_mennas
Zot:1:    layout_cellular_growth, regret_index_zotdec_storm_pass,
          grunt_megastairs_3
Zot:2:    layout_onion_interference, regret_index_zotdec_twisting_globes
Zot:3:    layout_onion_interference, drop_trap
Zot:4:    layout_misc_corridors
Zot:5:    layout_misc_corridors

Skill      XL: |  1  2  3  4  5  6  7  8  9 10 11 12 13 14 15 16 17 18 19 20 21 22 23 24 25 26 27 |
---------------+----------------------------------------------------------------------------------+-----
Dodging        | 2 3 4 5 6 7 8 9 10 11 12 14 16 18 20 21 | 21.1
Short Blades   | 3 |  3.4
Shields        | 1 2 3 5 6 7 8 9 11 12 | 12.0
Maces & Flails | 1 2 3 |  3.0
Fighting       | 4 5 6 7 8 10 12 13 15 16 17 18 19 20 21 23 24 25 26 | 26.0
Ranged Weapons | 3 6 9 11 13 15 16 17 18 19 20 21 23 24 25 26 | 26.5
Invocations    | 1 6 8 9 10 11 12 13 15 16 | 16.3
Stealth        | 5 6 |  6.2
Evocations     | 3 5 7 9 10 12 13 14 | 14.8
Necromancy     | 3 4 5 7 8 |  8.7
Spellcasting   | 3 4 5 6 |  6.0
Translocations | 1 8 9 10 11 | 11.6
Hexes          | 6 7 8 |  8.8
Throwing       | |  0.1

Action                     |  1- 3 |  4- 6 |  7- 9 | 10-12 | 13-15 | 16-18 | 19-21 | 22-24 | 25-27 || total
---------------------------+-------+-------+-------+-------+-------+-------+-------+-------+-------++-------
  Melee: Short sword       |    91 |       |       |       |       |       |       |       |       ||    91
         Tailslap          |    15 |    40 |    58 |       |       |       |     1 |       |       ||   114
         Dagger            |    63 |    18 |   290 |       |       |       |       |       |       ||   371
         Whip              |     6 |   206 |       |       |       |       |       |       |       ||   212
         Hand cannon       |       |       |       |       |       |       |     2 |       |       ||     2
   Fire: Sling             |       |     8 |    83 |       |       |       |       |       |       ||    91
         Orcbow            |       |       |   280 |   924 |  1053 |   441 |       |       |       ||  2698
         Arbalest          |       |       |       |       |   188 |       |       |       |   353 ||   541
         Hand cannon       |       |       |       |       |   472 |   833 |  1553 |   621 |       ||  3479
         Longbow           |       |       |       |       |       |       |       |   427 |       ||   427
         Triple crossbow   |       |       |       |       |       |       |       |   196 |   893 ||  1089
  Throw: Dart              |     1 |       |       |       |       |       |       |       |       ||     1
         Stone             |       |     2 |     5 |       |       |       |       |       |       ||     7
   Cast: Fugue of the Fall |       |       |       |       |       |     1 |     1 |     2 |    42 ||    46
         Dimensional Bulls |       |       |       |       |       |       |       |       |    42 ||    42
         Blink             |       |       |       |       |       |       |       |       |     1 ||     1
         Passage of Golubr |       |       |       |       |       |       |       |       |     4 ||     4
 Invoke: Heal Other        |       |     1 |       |       |       |       |       |       |       ||     1
         Recall Ancestor   |       |       |       |     6 |     3 |     6 |     3 |     4 |     8 ||    30
         Ancestor Life: He |       |       |       |     1 |       |       |       |       |       ||     1
         Idealise          |       |       |       |       |     5 |    18 |    10 |     7 |    12 ||    52
         Ancestor Identity |       |       |       |       |       |       |     1 |       |       ||     1
Ability: Steam Breath      |       |       |     4 |     6 |     5 |     5 |     6 |     9 |     1 ||    36
  Evoke: Wand              |       |       |       |     2 |     5 |    16 |    19 |    26 |       ||    68
         Box of beasts     |       |       |       |       |       |     4 |     5 |     3 |       ||    12
         Lightning rod     |       |       |       |       |       |     3 |     8 |     1 |       ||    12
         Condenser vane    |       |       |       |       |       |     2 |     3 |     4 |     1 ||    10
         Phantom mirror    |       |       |       |       |       |     1 |     2 |     2 |       ||     5
         Phial of floods   |       |       |       |       |       |     1 |     1 |     2 |       ||     4
    Use: Scroll            |     1 |       |    16 |     4 |    14 |    13 |    12 |    12 |    11 ||    83
         Potion            |       |       |     1 |     4 |     1 |     5 |     5 |     8 |       ||    24
   Stab: Sleeping          |     8 |     6 |       |       |       |       |       |       |       ||    14
         Distracted        |       |       |     1 |       |       |       |       |       |       ||     1
 Armour: Skin              |    70 |    93 |   281 |   273 |   280 |   216 |   369 |   255 |   202 ||  2039
  Dodge: Dodged            |    72 |   113 |   295 |   155 |   275 |   159 |   309 |   215 |   303 ||  1896
  Block: Buckler           |    10 |    32 |    65 |       |    30 |    35 |       |       |       ||   172
         Kite shield       |       |       |       |       |       |    79 |   307 |    80 |       ||   466

Table legend: (Time is in decaauts)
 A = Elapsed time spent in this place.
 B = Non-inter-level travel time spent in this place.
 C = Inter-level travel time spent in this place.
 D = Time resting spent in this place.
 E = Time spent auto-exploring this place.
 F = Levels seen in this place.
 G = Mean time per level.
                   A        B        C        D        E       F      G
               +--------+--------+--------+--------+--------+-----+--------+
         Total | 102130 |  85621 |  16509 |  24743 |  37548 |  60 | 1702.2 |
       Dungeon |  22826 |  16478 |   6348 |   2451 |  10191 |  15 | 1521.7 |
        Temple |     46 |     14 |     32 |      0 |      0 |   1 |   46.0 |
          Lair |  10581 |   8990 |   1591 |   2540 |   4775 |   5 | 2116.2 |
         Swamp |   4427 |   4103 |    324 |   1725 |    815 |   4 | 1106.8 |
     Snake Pit |  11366 |  10576 |    790 |   5513 |   2201 |   4 | 2841.5 |
    Slime Pits |   3965 |   3313 |    652 |    509 |   1548 |   5 |  793.0 |
  Orcish Mines |   5847 |   5144 |    703 |   2902 |   1418 |   2 | 2923.5 |
   Elven Halls |   6883 |   6102 |    781 |   1028 |   3088 |   3 | 2294.3 |
        Vaults |  14532 |  12871 |   1661 |   3422 |   5992 |   5 | 2906.4 |
         Crypt |   4901 |   4577 |    324 |   1306 |   2032 |   3 | 1633.7 |
        Depths |   8341 |   6697 |   1644 |   1642 |   3188 |   4 | 2085.2 |
           Zot |   7240 |   5586 |   1654 |   1683 |   1833 |   5 | 1448.0 |
        Bazaar |    106 |    106 |      0 |      0 |     62 |   2 |   53.0 |
       Ossuary |    556 |    556 |      0 |     16 |    138 |   1 |  556.0 |
        Wizlab |    506 |    506 |      0 |      0 |    263 |   1 |  506.0 |
               +--------+--------+--------+--------+--------+-----+--------+

Top non-repeatable levels by time:
 Snake:4: 4965 daAuts
  Lair:5: 4583 daAuts
   Elf:3: 4069 daAuts
 Snake:3: 3672 daAuts
   Orc:2: 3537 daAuts
Vaults:4: 3152 daAuts
Vaults:5: 3152 daAuts
Depths:3: 3057 daAuts
Vaults:2: 2985 daAuts
Vaults:3: 2910 daAuts
     D:9: 2908 daAuts
    D:12: 2539 daAuts
   Zot:5: 2434 daAuts
 Crypt:3: 2405 daAuts
    D:13: 2336 daAuts
